 Dungeon Sprint DCSS version 0.21.0-24-g2553a33 (webtiles) character file.

823 letownia2 the Grappler (level 7, -5/62 HPs)
             Began as a Troll Wizard on Jan 20, 2018.
             Was an Initiate of Gozag.
             Slain by Erica
             ... wielding a +4 scimitar of flaming
              (11 damage)
             ... in the Dungeon (Sprint III: "The Ten Rune Challenge").
             The game lasted 00:02:05 (281 turns).

letownia2 the Grappler (Troll Wizard)                Turns: 281, Time: 00:02:06

Health: -5/62      AC:  5    Str: 16    XL:     7   Next: 63%
Magic:  12/13      EV:  9    Int: 16    God:    Gozag
Gold:   100        SH:  0    Dex:  8    Spells: 6/15 levels left

rFire    . . .     SeeInvis .     - Unarmed
rCold    . . .     Gourm    +   (no shield)
rNeg     . . .     Faith    .   a - +0 robe
rPois    .         Spirit   .   b - +0 hat
rElec    .         Reflect  .   (no cloak)
rCorr    .         Harm     .   (gloves unavailable)
MR       .....     NoTele   +   (boots unavailable)
Stlth    +.........             (no amulet)
HPRegen  0.60/turn              (no ring)
MPRegen  0.13/turn              (no ring)

@: slowed, very slow
A: large, unfitting armour, claws 3, fast metabolism 3, gourmand, regeneration
1, shaggy fur 1, tough skin 2
a: Potion Petition, Call Merchant, Bribe Branch, Renounce Religion


You were in the Dungeon.
You worshipped Gozag.
Gozag was aware of your devotion.
You were very full.

You visited 1 branch You collected 100 gold pieces.

Inventory:

Armour
 a - a +0 robe (worn)
 b - a +0 hat (worn)
Scrolls
 j - a scroll of blinking
 k - a scroll of fog {unknown}
 m - a scroll of holy word {unknown}
 n - 3 scrolls of identify
 o - 2 scrolls of remove curse
 q - 2 scrolls of immolation {unknown}
Potions
 e - a potion of curing
 f - 2 potions of heal wounds
 g - a potion of haste
 h - 2 potions of magic
 l - 4 potions of mutation {unknown}
 p - 4 potions of flight
Books
 c - a book of Minor Magic

   Spells                             Type                      Level
   a - Magic Dart                     Conjuration                  1
   b - Blink                          Translocation                2
   c - Call Imp                       Summoning                    2
   d - Slow                           Hexes                        2
   e - Conjure Flame                  Conjuration/Fire             3
   f - Mephitic Cloud                 Conjuration/Poison/Air       3
Comestibles
 d - 5 rations


   Skills:
 - Level 1.4 Fighting
 - Level 1.5 Dodging
 - Level 1.0 Stealth
 + Level 10.0 Unarmed Combat
 - Level 4.6 Spellcasting
 - Level 5.2 Conjurations
   Level 0.6 Summonings
 + Level 2.3 Translocations
 - Level 3.6 Fire Magic
 - Level 3.1 Air Magic
 - Level 3.7 Poison Magic


You had 6 spell levels left.
You knew the following spells:

 Your Spells              Type           Power        Failure   Level  Hunger
a - Magic Dart            Conj           ###.         1%          1    None
b - Blink                 Tloc           N/A          10%         2    ##.....
c - Conjure Flame         Conj/Fire      ###.....     8%          3    ###....
e - Mephitic Cloud        Conj/Pois/Air  ###.....     9%          3    ###....


Dungeon Overview and Level Annotations

Branches:
Dungeon (1/1)

Altars:
Cheibriados
Elyvilon
Fedhas
Gozag
Hepliaklqana
Makhleb
Nemelex Xobeh
Qazlal
Xom
Zin
The Shining One
Jiyva
Lugonu

Annotations:
D Erica


Innate Abilities, Weirdness & Mutations

You are too large for most types of armour.
You have claws for hands.
Your metabolism is lightning-fast.
You like to eat raw meat.
Your natural rate of healing is unusually fast.
You are covered in fur. (AC +1)
You have very tough skin. (AC +2)


Message History

* * * LOW HITPOINT WARNING * * *
Unknown command.
You barely miss Erica.
Erica is almost dead.
Erica hits you with a scimitar of flaming.
* * * LOW HITPOINT WARNING * * *
Erica burns you.
* * * LOW HITPOINT WARNING * * *
Unknown command.
Unknown command.
You scratch Erica.
Erica is almost dead.
Erica points at you and mumbles some strange words.
You feel as though you will be slow longer.
Erica casts a spell.
Erica flickers and vanishes!
Deactivating autopickup; reactivate with Ctrl-A.
You closely miss something. Something hits you!
You die...
Your body crumbles into a pile of gold. .#)..# $ $ .###'#+###+## $$ .#..........#$ $ .'.⌠........# $$$$

$$$ .#...######'#
$$ $$
.#.⌠.#__#...#+#####
.#...#__#...#..§§≈+
.#+###__#...#§#§§§#
.# #__#...'.#§@§#
.# #__'...#.#§{§#
▓▓ ▓▓▓▓▓▓▓▓▓▓▓▓▓▓


There were no monsters in sight!

Vanquished Creatures
  A deep elf mage (D)
  A shadow (D)
  A spatial vortex (D)
  A water elemental (D)
  A jelly (D)
  A human (D)
  A wolf (D)
  An ooze (D)
  3 rats (D)
11 creatures vanquished.

Vanquished Creatures (others)
  2 draconian scorchers (D)
  6 hellions (D)
  3 plants (D)
11 creatures vanquished.

Grand Total: 22 creatures vanquished

Notes
Turn   | Place    | Note
-------+----------+-------------------------------------------
     0 | D        | letownia2 the Troll Wizard began the quest for the Orb.
     0 | D        | Reached XP level 1. HP: 16/16 MP: 2/2
     5 | D        | Reached skill level 1 in Fighting
     5 | D        | Reached skill level 2 in Unarmed Combat
    36 | D        | Noticed a wolf
    63 | D        | Killed a wolf
    63 | D        | Reached skill level 4 in Unarmed Combat
    63 | D        | Reached XP level 2. HP: 12/27 MP: 4/4
    67 | D        | Reached skill level 5 in Unarmed Combat
    67 | D        | Reached skill level 1 in Conjurations
    67 | D        | Reached XP level 3. HP: 15/33 MP: 5/5
    77 | D        | Killed a hellion
    78 | D        | Killed a hellion
    80 | D        | Learned a level 3 spell: Mephitic Cloud
    96 | D        | Killed a hellion
    96 | D        | Killed a hellion
    97 | D        | Killed a hellion
   134 | D        | Noticed a water elemental
   139 | D        | Killed a water elemental
   139 | D        | Reached skill level 6 in Unarmed Combat
   139 | D        | Reached XP level 4. HP: 24/41 MP: 6/6
   145 | D        | Learned a level 3 spell: Conjure Flame
   156 | D        | Found a glowing silver altar of Zin.
   156 | D        | Found a glowing golden altar of the Shining One.
   156 | D        | Found a white marble altar of Elyvilon.
   158 | D        | Noticed a deep elf mage
   171 | D        | Killed a deep elf mage
   171 | D        | Reached skill level 8 in Unarmed Combat
   171 | D        | Reached skill level 5 in Conjurations
   171 | D        | Reached XP level 5. HP: 44/48 MP: 4/9
   171 | D        | Reached XP level 6. HP: 50/55 MP: 4/10
   171 | D        | Reached XP level 7. HP: 56/62 MP: 4/11
   183 | D        | Noticed a shadow
   190 | D        | Killed a shadow
   190 | D        | Reached skill level 9 in Unarmed Combat
   202 | D        | Learned a level 2 spell: Blink
   222 | D        | Killed a hellion
   233 | D        | Killed a white draconian scorcher
   235 | D        | Killed a white draconian scorcher
   242 | D        | Found a blossoming altar of Fedhas.
   242 | D        | Found a stormy altar of Qazlal.
   243 | D        | Found a snail-covered altar of Cheibriados.
   243 | D        | Found a burning altar of Makhleb.
   243 | D        | Found a hazy altar of Hepliaklqana.
   243 | D        | Found a shimmering altar of Xom.
   243 | D        | Found an opulent altar of Gozag.
   243 | D        | Found a sparkling altar of Nemelex Xobeh.
   243 | D        | Found a corrupted altar of Lugonu.
   243 | D        | Found a viscous altar of Jiyva.
   243 | D        | Noticed a spatial vortex
   251 | D        | Became a worshipper of Gozag Ym Sagoz the Greedy
   252 | D        | Killed a spatial vortex
   252 | D        | Reached skill level 10 in Unarmed Combat
   264 | D        | Noticed Erica
   281 | D        | Slain by Erica

Skill      XL: |  1  2  3  4  5  6  7 |
---------------+----------------------+-----
Fighting       | 1 |  1.4
Unarmed Combat | 4 5 6 8 10 | 10.0
Conjurations   | 1 3 5 |  5.2
Spellcasting   | 3 4 |  4.6
Fire Magic     | 3 |  3.6
Air Magic      | 3 |  3.1
Poison Magic   | 3 |  3.7
Translocations | 2 |  2.3
Dodging        | |  1.5
Stealth        | |  1.0
Summonings     | |  0.6

Action                   |  1- 3 |  4- 6 |  7- 9 || total
-------------------------+-------+-------+-------++-------
Melee: Unarmed           |    22 |     6 |    25 ||    53
       Punch             |     1 |       |       ||     1
 Cast: Mephitic Cloud    |       |     1 |     1 ||     2
  Use: Potion            |     1 |       |       ||     1
 Stab: Confused          |       |       |     1 ||     1
  Eat: Chunk             |     6 |     1 |       ||     7
Armor: Robe              |     5 |       |       ||     5
Dodge: Dodged            |     6 |     1 |     2 ||     9
